 Dungeon Crawl Stone Soup version 0.19-a0-867-g949743d (webtiles) character file.

63 4thArraOfDagon the Skirmisher (level 3, -1/34 HPs)
             Began as a Minotaur Abyssal Knight on July 3, 2016.
             Was a Follower of Lugonu.
             Slain by an orc wizard
             ... wielding a +0 dagger
              (4 damage)
             ... on level 4 of the Dungeon.
             The game lasted 00:03:44 (575 turns).

4thArraOfDagon the Skirmisher (MiAK)                 Turns: 575, Time: 00:03:44

Health: -1/34      AC:  3    Str: 16    XL:     3   Next: 89%
Magic:  3/3        EV: 10    Int: 10    God:    Lugonu [*.....]
Gold:   38         SH:  0    Dex:  9    Spells: 0 memorised, 2 levels left

rFire  . . .     SeeInvis .     a - +1 hand axe
rCold  . . .     Gourm    .     f - +0 ring mail
rNeg   . . .     Faith    .     (no shield)
rPois  .         Spirit   .     (helmet restricted)
rElec  .         Dismiss  .     (no cloak)
rCorr  .         Reflect  .     (no gloves)
SustAt .         Harm     .     (no boots)
MR     .....                    (no amulet)
Stlth  ..........               (no ring)
                                (no ring)

@: flying, not resistant to hostile enchantments, extremely unstealthy
A: retaliatory headbutt, horns 2, deformed body
a: Depart the Abyss, Renounce Religion


You were on level 4 of the Dungeon.
You worshipped Lugonu.
Lugonu was aware of your devotion.
You were not hungry.

You visited 1 branch of the dungeon, and saw 4 of its levels.
You visited the Abyss 1 time.

You collected 38 gold pieces.

Inventory:

Hand Weapons
 a - a +1 hand axe (weapon)
Armour
 b - a +0 leather armour
 f - a +0 ring mail (worn)
Potions
 j - 2 potions of flight
Comestibles
 c - a bread ration
 h - 2 meat rations


   Skills:
 + Level 4.3 Fighting
 * Level 3.5 Axes
 + Level 2.9 Armour
 - Level 1.1 Dodging
 + Level 2.5 Invocations


You had 2 spell levels left.
You didn't know any spells.

Dungeon Overview and Level Annotations

Branches:
Dungeon (4/15)
 Temple: D:4-7

Altars:


Innate Abilities, Weirdness & Mutations

You reflexively headbutt those who attack you in melee.
You have a pair of horns on your head.
Armour fits poorly on your strangely shaped body.


Message History

* * * LOW HITPOINT WARNING * * *
The orc closely misses you.
Unknown command.
You closely miss the orc wizard.
The orc wizard is severely wounded.
You hit the orc. You barely miss the orc. You hit the orc but do no damage.
The orc wizard hits you but does no damage. x2
The orc completely misses you. The orc misses you. The orc barely misses you.
Unknown command.
Unknown command.
You closely miss the orc wizard. You headbutt the orc wizard.
The orc wizard is almost dead.
You hit the orc but do no damage. x2; You closely miss the orc.
The orc wizard casts a spell.
The orc wizard flickers and vanishes!
Deactivating autopickup; reactivate with Ctrl-A.
The orc hits you with a dagger.
* * * LOW HITPOINT WARNING * * *
The orc barely misses you. Something hits you.
You die...

# .## #..
#.# #§###
##oo§##..#
#§@o§§....
#§§{§§....
#§#§§§§....
#.######.o..
## #.. .


You could see 3 orcs.

Vanquished Creatures
  An orc priest (D:4)
  An ooze (D:1)
  A dart slug (D:1)
  2 giant geckos (D:1)
  2 bats (D:1)
  2 giant cockroaches
  A goblin (D:3)
  2 hobgoblins
  2 jackals (D:3)
  A quokka (D:2)
  2 giant newts (D:2)
  2 kobolds
  7 rats
26 creatures vanquished.

Notes
Turn   | Place    | Note
-------+----------+-------------------------------------------
     0 | Abyss:1  | 4thArraOfDagon the Minotaur Abyssal Knight began the quest for the Orb.
     0 | Abyss:1  | Reached XP level 1. HP: 19/19 MP: 1/1
    35 | Abyss:1  | Noticed a neqoxec
    37 | Abyss:1  | Gained mutation: Armour fits poorly on your strangely shaped body. [a neqoxec]
    46 | Abyss:2  | Noticed a wretched star
    62 | Abyss:2  | Noticed a small abomination
   126 | D:1      | Escaped the Abyss
   198 | D:1      | Reached * piety under Lugonu
   228 | D:1      | Reached XP level 2. HP: 8/27 MP: 2/2
   409 | D:2      | Reached skill level 4 in Fighting
   487 | D:3      | Reached XP level 3. HP: 16/33 MP: 3/3
   575 | D:4      | Slain by an orc wizard

Vault maps used:
D:1:      onia_arrival_larder
D:2:      first_bread, uniq_terence, uniq_robin
D:3:      overflow_temple_1_default
D:4:      serial_shops, nicolae_shop_stone, portal_sewer_entry_b,
          kennysheep_orc_chapel, uniq_pikel
Abyss:3:  evilmike_abyss_rune_siren_acolytes, abyss_exit_lava

Skill      XL: |  1  2 |
---------------+-------+-----
Invocations    | 2 |  2.5
Axes           | 3 |  3.5
Fighting       | 4 |  4.3
Armour         | |  2.9
Dodging        | |  1.1

Action                   || total
-------------------------++-------
Melee: Hand axe          ||    67
       Headbutt          ||    11
Invok: Depart the Abyss  ||     1
  Use: Scroll            ||     5
       Potion            ||     3
Armor: Ring mail         ||    24
Dodge: Dodged            ||    65
